 Dungeon Crawl Stone Soup version 0.31-a0-1206-g41278d8d1d (webtiles) character file.

Game seed: 9201533283251164018

86 ytrimaz the Trooper (level 4, -9/35 HPs)
             Began as a Demonspawn Monk on Dec 13, 2023.
             Mangled by an iguana (10 damage)
             ... on level 4 of the Dungeon.
             The game lasted 00:03:05 (2508 turns).

ytrimaz the Trooper (Demonspawn Monk)               Turns: 2508, Time: 00:03:05

Health: -9/35      AC:  4    Str: 11    XL:     4   Next: 26%
Magic:  0/4        EV: 13    Int: 11    God:
Gold:   118        SH:  0    Dex: 17    Spells: 1/3 levels left

rFire   . . .        a - +0 hand axe
rCold   . . .        d - orb {light}
rNeg    . . .        b - +0 robe
rPois   .            n - +1 helmet
rElec   .            (no cloak)
rCorr   .            (no gloves)
SInv    .            (no boots)
Will    .....        (no amulet)
Stlth   +            (no ring)
HPRegen 0.25/turn    (no ring)
MPRegen 0.09/turn

%: no passive effects
@: glowing
A: demonic magic 1, weakness stinger 1
a: no special abilities


You were on level 4 of the Dungeon.
You visited 1 branch of the dungeon, and saw 4 of its levels.

You collected 146 gold pieces.
You spent 28 gold pieces at shops.


Innate Abilities, Weirdness & Mutations

Spells you cast may paralyse adjacent enemies.
You have a small tail.


   Skills:
 - Level 3.5 Fighting
 + Level 3.5 Axes
 - Level 3.1 Dodging
 + Level 1.2 Fire Magic


You had one spell level left.
You knew the following spells:

 Your Spells              Type           Power      Damage    Failure   Level
a - Scorch                Fire           4%         2d5       32%         2

Your spell library contained the following spells:

 Spells                   Type           Power      Damage    Failure   Level
 Apportation              Tloc           0%         N/A       34%         1
 Jinxbite                 Hex            0%         N/A       47%         2
 Flame Wave               Conj/Fire      1%         2d4       95%         4
 Alistair's Intoxication  Tmut/Pois      0%         N/A       100%        5
 Summon Cactus Giant      Summ           0%         N/A       100%        6

Inventory:

Hand Weapons
 a - a +0 hand axe (weapon)
Armour
 b - a +0 robe (worn)
 d - an orb of light (worn)
 n - a +1 helmet (worn)
   (You found it on level 1 of the Dungeon)
Scrolls
 c - a scroll of poison
 g - a scroll of revelation {unknown}
 k - 3 scrolls of teleportation
 m - a scroll of identify
Potions
 e - 2 potions of might {unknown}
 f - 2 potions of brilliance {unknown}
 h - a potion of invisibility {unknown}
 i - 2 potions of lignification {unknown}
 j - 4 potions of heal wounds {unknown}
 l - a potion of haste {unknown}

Dungeon Overview and Level Annotations

Branches:
Dungeon (4/15) Zot: 21469
 Temple: D:4-7

Altars:

Shops:
D:3 ?

Annotations:
D:2 1 runed translucent door, Crazy Yiuf

#
##.###..#.##...#..##########
# ###.###..#.##.####.#
####........#.#...# #.#
##..............#.# #.#
.......###.#..#...# #.#
...........#.###### #.#
#......#####.# #.#
#......#####.########.#
#.##.####...<.?.@l....#
#.##...##.##.##########
.......##.##.#
.......#.#.#.#
..###.#.###..# .......##
##.# .####.#.###.##
#.##>#.## #.###.##


You could see an iguana.


Message History

A dart slug is nearby!
A dart slug is nearby!
A dart slug is nearby!
A quokka comes into view.
Found a stone staircase leading up.
Flames lash the dart slug.
The dart slug's fire resistance burns away.
Malevolent energies surge around you. 😎 MP[-2]
You lost 2 mp, and now have 2/4 mp.
You hit the dart slug.
You kill the dart slug!
A ball python comes into view.
The ball python hisses angrily.
You hit the quokka.
Your tail-slap misses the quokka.
The quokka barely misses you.
You closely miss the quokka. The quokka bites you.
The quokka bites you but does no damage. 😕 HP[-3]
You take 3 damage, and now have 32/35 hp.
You hit the quokka.
Your tail-slap misses the quokka.
You barely miss the ball python. The quokka closely misses you.
The ball python closely misses you. The ball python barely misses you.
You hit the quokka.
You kill the quokka!
You closely miss the ball python. The ball python completely misses you.
The ball python closely misses you.
Flames lash the ball python.
You kill the ball python!
Malevolent energies surge around you. 😕 HP[+1] MP[-2]
You lost 2 mp, and now have 0/4 mp.
Unknown command.
Key pressed, stopping explore.
No target in view! 😎 HP[+2] MP[+1]
Your hp is fully restored (35).
You now have 108 gold pieces (gained 15).
You now have 118 gold pieces (gained 10).
You pick up a book of Party Tricks and begin reading...
You add the spells Apportation, Jinxbite and Alistair's Intoxication to your library. 😎 MP[+3]
Your mp is fully restored (4).
Found a stone staircase leading down.
k - 3 scrolls of teleportation (gained 1)
There is a stone staircase leading down here.
There is a stone staircase leading up here.
An iguana comes into view.
The iguana hisses angrily.
You see here a scroll labelled DOLIATHONK.
An iguana is nearby!
An iguana is nearby!
An iguana is nearby!
An iguana is nearby!
An iguana is nearby!
Okay, then.
You miscast Scorch.
You are very lightly contaminated with residual magic.
Nothing appears to happen. 😎 MP[-2]
You lost 2 mp, and now have 2/4 mp.
Unknown command.
Flames lash the iguana.
The iguana's fire resistance burns away.
Malevolent energies surge around you.
The iguana bites you but does no damage. 😎 MP[-2]
You lost 2 mp, and now have 0/4 mp.
You hit the iguana.
You tail-slap the iguana, but do no damage.
The iguana bites you! 😮 HP[-13]
You take 13 damage, and now have 22/35 hp.
MASSIVE DAMAGE!! (PAUSE)
You are too injured to fight recklessly!
You hit the iguana.
You tail-slap the iguana, but do no damage.
The iguana bites you!
* * * LOW HITPOINT WARNING * * *
😨 HP[-8]
You take 8 damage, and now have 14/35 hp.
MASSIVE DAMAGE!! (PAUSE)
You hit the iguana but do no damage.
The iguana is no longer more vulnerable to fire.
The iguana closely misses you. 😨 HP[+1]
You hit the iguana but do no damage. You tail-slap the iguana.
The iguana barely misses you.
You hit the iguana but do no damage. The iguana bites you!
* * * LOW HITPOINT WARNING * * *
Your magical contamination has completely faded away. 😱 HP[-8]
You take 8 damage, and now have 7/35 hp.
MASSIVE DAMAGE!! (PAUSE)
You are too injured to fight recklessly!
Unknown command.
You hit the iguana but do no damage. The iguana bites you.
* * * LOW HITPOINT WARNING * * *
The iguana bites you!
You die...

Skill      XL: |  1  2  3  4 |
---------------+-------------+-----
Axes           | 3 |  3.5
Dodging        | 3 |  3.1
Fire Magic     | 1 |  1.2
Fighting       | |  3.5

Action                     |  1- 3 |  4- 6 || total
---------------------------+-------+-------++-------
  Melee: Hand axe          |    99 |    30 ||   129
         Tailslap          |    10 |     7 ||    17
   Cast: Scorch            |       |     4 ||     4
    Use: Potion            |     1 |       ||     1
         Scroll            |       |     2 ||     2
 Armour: Robe              |    71 |    18 ||    89
  Dodge: Dodged            |    81 |    18 ||    99

Levels and vault maps discovered:
D:1:      roderic_chinese_lattice_arrival, layout_basic, minmay_heptomino_h4
D:2:      layout_loops_corners, uniq_crazy_yiuf_cottage
D:3:      layout_rooms, serial_glass, glass_columns_c, glass_columns_b,
          glass_columns_c, glass_columns_a, serial_shops, shop
D:4:      layout_loops_ring, uniq_pikel

Notes
Turn   | Place    | Note
-------+----------+-------------------------------------------
     0 | D:1      | ytrimaz the Demonspawn Monk began the quest for the Orb.
     0 | D:1      | Reached XP level 1. HP: 18/18 MP: 1/1
     0 | D:1      | magus.rc [v1.9.6]
   102 | D:1      | Gained mutation: You have a small tail. [demonic ancestry]
   102 | D:1      | Reached XP level 2. HP: 24/24 MP: 2/2
   110 | D:1      | You pick up a book of Scorching and begin reading...
   110 | D:1      | You add the spells Scorch, Flame Wave and Summon Cactus
                  | Giant to your library.
   130 | D:1      | Reached skill level 3 in Axes
   130 | D:1      | Reached skill level 3 in Dodging
   770 | D:2      | Gained mutation: Spells you cast may paralyse adjacent
                  | enemies. [demonic ancestry]
   770 | D:2      | Reached XP level 3. HP: 20/29 MP: 3/3
   979 | D:2      | Learned a level 2 spell: Scorch
  1561 | D:2      | Found a runed translucent door.
  1562 | D:2      | Noticed Crazy Yiuf
  1679 | D:3      | Reached XP level 4. HP: 10/35 MP: 4/4
  1682 | D:3      | Reached skill level 1 in Fire Magic
  1822 | D:3      | Found Cifounomn's Magic Scroll Shoppe.
  1831 | D:3      | Bought a scroll of identify for 28 gold pieces
  2463 | D:4      | You pick up a book of Party Tricks and begin reading...
  2463 | D:4      | You add the spells Apportation, Jinxbite and Alistair's
                  | Intoxication to your library.
  2507 | D:4      | HP: 7/35 [iguana (8)]
  2508 | D:4      | HP: 1/35 [iguana (6)]
  2508 | D:4      | Mangled by an iguana

Vanquished Creatures
  3 adders
  A worm (D:3)
  A dart slug (D:4)
  4 bats
  4 endoplasms
  2 giant cockroaches
  7 hobgoblins
  4 kobolds
  4 quokkas
  5 ball pythons
  4 frilled lizards
  7 goblins
  8 rats
54 creatures vanquished.

Table legend:
 A = Non-vault XP
 B = Vault XP
 C = Vault XP percentage of total XP
 D = Non-vault monster count
 E = Vault monster count
 F = Vault count percentage of total count
                 A         B        C        D         E       F
            +---------+---------+-------+---------+---------+-------
      Total |     118 |       5 |   4.1 |      51 |       3 |   5.6
            +---------+---------+-------+---------+---------+-------
        D:1 |      33 |       5 |  13.2 |      20 |       3 |  13.0
        D:2 |      27 |       0 |   0.0 |      10 |       0 |   0.0
        D:3 |      51 |       0 |   0.0 |      18 |       0 |   0.0
        D:4 |       7 |       0 |   0.0 |       3 |       0 |   0.0
            +---------+---------+-------+---------+---------+-------

Skill      XL: |  1  2  3  4 |
---------------+-------------+-----
Axes           | 3 |  3.5
Dodging        | 3 |  3.1
Fire Magic     | 1 |  1.2
Fighting       | |  3.5

Action                     |  1- 3 |  4- 6 || total
---------------------------+-------+-------++-------
  Melee: Hand axe          |    99 |    30 ||   129
         Tailslap          |    10 |     7 ||    17
   Cast: Scorch            |       |     4 ||     4
    Use: Potion            |     1 |       ||     1
         Scroll            |       |     2 ||     2
 Armour: Robe              |    71 |    18 ||    89
  Dodge: Dodged            |    81 |    18 ||    99

Illustrated notes

Table legend:
 A = Kills in this place as a percentage of kills in the entire game.
 B = Kills by you in this place as a percentage of kills by you in the entire game.
 C = Kills by friends in this place as a percentage of kills by friends in the entire game.
 D = Other kills in this place as a percentage of other kills in the entire game.
 E = Experience gained in this place as a percentage of experience gained in the entire game.
 F = Experience gained in this place divided by the number of levels of this place that you have seen.
                   A       B       C       D       E      F
               +-------+-------+-------+-------+-------+----------------------
         Total | 100.0 | 100.0 |   N/A |   N/A | 100.0 |  30.8
       Dungeon | 100.0 | 100.0 |   N/A |   N/A | 100.0 |  30.8
               +-------+-------+-------+-------+-------+----------------------

Table legend: (Time is in decaauts)
 A = Elapsed time spent in this place.
 B = Non-inter-level travel time spent in this place.
 C = Inter-level travel time spent in this place.
 D = Time resting spent in this place.
 E = Time spent auto-exploring this place.
 F = Levels seen in this place.
 G = Mean time per level.
                   A        B        C        D        E       F      G
               +--------+--------+--------+--------+--------+-----+--------+
         Total |   2529 |   2392 |    137 |      0 |   2003 |   4 |  632.2 |
       Dungeon |   2529 |   2392 |    137 |      0 |   2003 |   4 |  632.2 |
               +--------+--------+--------+--------+--------+-----+--------+

Top non-repeatable levels by time:
     D:2: 989 daAuts
     D:1: 728 daAuts
     D:3: 646 daAuts
     D:4: 165 daAuts
